Map: Kairos Junction LE

Players

soul

  • Race: Terran Terran
  • League: Grandmaster
  • Spawn Location: 5:00

Zanster - Winner!

  • Race: Zerg Zerg
  • Spawn Location: 11:00

Event: HomeStory Cup XIX

VOD

Have the link to the VOD?

Description

Time

  • Played on: June 28, 2019, 1:16 p.m.
  • Length: 15:02

All games in this series

Show
View Real Time Build Order
Export as new Build Order

soul Terran 

Build Orders: Gas First Reaper Expand, Hellion Banshee 

Get SALT Encoding   

  12  0:00  SCV  
  13  0:12  SCV  
  14  0:16  Supply Depot  
  14  0:24  SCV  
  15  0:29  Refinery  
  15  0:38  SCV  
  16  0:44  Barracks  
  16  0:50  SCV  
  17  1:02  SCV  
  18  1:14  SCV  
  19  1:31  Orbital Command, Reaper  
  20  1:44  Command Center  
  20  1:55  Factory  
  20  2:00  SCV  
  21  2:07  Barracks Reactor  
  21  2:12  SCV  
  21  2:14  Supply Depot  
  22  2:17  Refinery  
  22  2:24  SCV  
  23  2:36  SCV  
  24  2:48  SCV  
  24  2:49  Starport  
  25  2:52  Hellion x2  
  29  2:58  Orbital Command  
  29  3:01  SCV  
  30  3:07  Barracks Tech Lab  
  30  3:13  SCV  
  30  3:14  Hellion  
  30  3:15  Hellion  
  35  3:25  SCV x2  
  37  3:34  Supply Depot  
  37  3:36  Cloaking Field  
  37  3:37  SCV  
  37  3:38  Banshee, SCV  
  37  3:41  Marine  
  43  3:49  SCV  
  43  3:50  SCV  
  45  3:57  Supply Depot  
  45  4:01  SCV  
  45  4:02  SCV  
  47  4:04  Hellion x2  
  47  4:13  SCV  
  47  4:14  Marine, SCV  
  48  4:21  Banshee  
  43  4:25  SCV  
  43  4:27  SCV  
  43  4:37  SCV  
  42  4:39  SCV  
  43  4:46  Bunker  
  43  4:49  SCV  
  43  4:51  SCV  
  45  4:53  Factory Tech Lab  
  45  4:54  Marine  
  45  4:55  Marine  
  45  4:57  Supply Depot  
  47  5:02  SCV  
  47  5:03  SCV  
  49  5:14  SCV  
  50  5:15  SCV  
  50  5:16  Starport Reactor  
  50  5:20  Command Center  
  51  5:23  Supply Depot  
  51  5:26  SCV  
  51  5:27  Marine  
  54  5:30  Stimpack  
  54  5:38  SCV  
  54  5:42  SCV  
  55  5:45  Barracks  
  55  5:48  Barracks  
  54  5:50  SCV  
  54  5:54  SCV  
  56  5:59  Engineering Bay  
  56  6:00  Marine  
  56  6:01  Engineering Bay  
  56  6:02  SCV  
  58  6:06  SCV  
  58  6:08  Starport Reactor  
  54  6:14  SCV  
  54  6:16  Refinery  
  54  6:17  Refinery  
  54  6:18  Marine, SCV, Supply Depot  
  50  6:20  Siege Tank  
  55  6:26  SCV  
  55  6:27  Terran Infantry Weapons Level 1  
  55  6:28  Terran Infantry Armor Level 1  
  55  6:30  SCV  
  57  6:33  Marine x2  
  57  6:38  SCV  
  57  6:39  Orbital Command  
  60  6:42  SCV  
  61  6:47  Marine  
  61  6:50  Marine x2, SCV  
  61  6:51  Marine x2  
  67  6:54  Medivac x2  
  67  6:55  SCV  
  67  7:00  Siege Tank  
  75  7:03  SCV  
  75  7:05  Marine  
  75  7:08  Marine x2  
  77  7:09  Orbital Command, Marine, Supply Depot  
  77  7:10  SCV  
  77  7:11  Supply Depot  
  77  7:12  Marine  
  77  7:15  SCV  
  83  7:22  Marine, SCV  
  84  7:26  Marine x2  
  84  7:27  SCV  
  84  7:28  Supply Depot  
  84  7:29  Supply Depot  
  88  7:30  Marine  
  88  7:31  Supply Depot  
  88  7:34  SCV x2  
  88  7:35  Marine  
  92  7:39  SCV  
  92  7:40  Marine  
  92  7:44  Marine  
  94  7:46  SCV, Factory  
  94  7:47  SCV  
  94  7:48  Factory Reactor  
  94  7:50  Marine  
  94  7:51  Armory, SCV  
  99  7:58  SCV  
  99  7:59  SCV  
  99  8:02  Barracks  
  99  8:03  SCV  
  99  8:04  Barracks  
  102  8:07  Supply Depot  
  102  8:08  Marine  
  102  8:09  Marine, Supply Depot  
  102  8:10  SCV  
  102  8:11  Combat Shield  
  105  8:15  Refinery, Medivac  
  105  8:19  Medivac  
  109  8:25  Missile Turret  
  109  8:27  Missile Turret  
  109  8:28  Marauder, Marine  
  109  8:29  Marine, Missile Turret  
  117  8:34  Widow Mine x2  
  117  8:39  Marine  
  97  8:49  Medivac x2  
  97  8:50  Marauder, Marine x3  
  105  8:56  Marine  
  105  8:57  Thor  
  105  9:02  SCV  
  94  9:07  Marine x3  
  91  9:11  Marauder  
  91  9:13  SCV  
  91  9:14  Marine  
  91  9:16  Barracks Reactor x2, SCV  
  91  9:17  SCV  
  92  9:24  Medivac x2  
  92  9:25  Marine x3, SCV  
  92  9:28  Terran Infantry Weapons Level 2  
  92  9:29  SCV x2  
  102  9:31  Terran Infantry Armor Level 2  
  102  9:37  Marine, SCV  
  104  9:38  Supply Depot  
  104  9:43  Marine, Marauder  
  107  9:47  Widow Mine  
  107  9:48  Widow Mine x2  
  107  9:51  Marine  
  114  9:54  Medivac  
  114  9:59  Marine x2  
  117  10:00  Marine x4  
  117  10:01  Marine  
  117  10:04  Marauder  
  121  10:09  Marine, Widow Mine  
  110  10:15  Medivac  
  110  10:16  Marine  
  110  10:17  Marine  
  110  10:19  Marine  
  111  10:23  Widow Mine x2  
  111  10:24  Medivac  
  111  10:26  Marauder  
  119  10:29  SCV x3  
  119  10:33  Command Center  
  122  10:36  Marine  
  122  10:41  SCV x3  
  126  10:45  Marine, Sensor Tower  
  126  10:46  Refinery  
  126  10:47  Marine x2, Refinery  
  126  10:49  Marine  
  130  10:51  Marine  
  130  10:53  SCV x3  
  130  10:56  Medivac  
  130  11:05  Widow Mine x2, SCV  
  130  11:08  SCV  
  133  11:14  Command Center  
  133  11:15  Thor  
  133  11:17  Drilling Claws  
  139  11:18  Concussive Shells  
  139  11:20  SCV x2  
  139  11:23  Marauder, Barracks Tech Lab  
  143  11:28  SCV  
  143  11:29  Bunker, Supply Depot  
  143  11:30  Marine  
  143  11:32  Widow Mine  
  147  11:33  Medivac  
  147  11:40  Marine  
  147  11:41  SCV x3  
  147  11:42  Marine  
  147  11:43  Marauder  
  154  11:53  Marauder, SCV x2  
  158  12:01  Marine x5, Missile Turret, Sensor Tower  
  158  12:02  SCV  
  158  12:04  Marauder, Widow Mine  
  168  12:11  Thor  
  168  12:14  Planetary Fortress  
  174  12:16  SCV  
  175  12:23  Missile Turret  
  175  12:26  SCV  
  176  12:32  Marauder, Marine x5  
  176  12:33  Marauder  
  176  12:35  SCV  
  186  12:37  SCV  
  186  12:39  SCV  
  188  12:47  SCV  
  188  12:49  Marine  
  186  12:51  Marine  
  186  12:53  Marine  
  186  12:57  Marauder, Marine x4  
  179  13:04  Medivac x2  
  185  13:05  Widow Mine  
  185  13:06  Widow Mine  
  185  13:07  Marine  
  185  13:09  Marine  
  185  13:11  Supply Depot  
  187  13:12  Supply Depot  
  187  13:14  Supply Depot  
  187  13:15  Marine x3  
  187  13:16  Marauder  
  187  13:18  Refinery  
  187  13:19  Marauder, Refinery  
  194  13:34  Medivac x2  
  194  13:36  Command Center  
  194  13:37  Marauder  
  194  13:38  Starport x2  
  200  13:47  SCV x2  
  198  13:49  Marine x3  
  198  13:51  SCV  
  198  13:53  Liberator x2  
  192  14:01  SCV  
  192  14:02  Marauder x2, Marine, SCV  
  179  14:03  SCV  
  179  14:09  Marine  
  178  14:13  SCV  
  178  14:14  SCV  
  178  14:15  SCV  
  178  14:16  Marine  
  188  14:28  Supply Depot x3  
  188  14:30  Supply Depot  
  188  14:34  Supply Depot  
  183  14:48  SCV  
Show
View Real Time Build Order
Export as new Build Order

Zanster Zerg - Winner!

Build Orders: Hatch First, Muta Ling Bane 

Get SALT Encoding   

  12  0:00  Drone  
  13  0:12  Overlord  
  13  0:16  Drone  
  14  0:31  Drone x2  
  16  0:48  Hatchery  
  15  0:52  Drone  
  15  0:55  Drone  
  17  0:59  Drone  
  18  1:10  Extractor  
  17  1:14  Spawning Pool  
  17  1:17  Drone  
  17  1:20  Drone  
  18  1:28  Drone  
  19  1:38  Drone  
  20  1:50  Drone  
  21  2:01  Queen x2  
  21  2:02  Zergling x4  
  27  2:11  Metabolic Boost  
  27  2:24  Hatchery  
  27  2:25  Drone  
  27  2:29  Overlord  
  27  2:32  Drone  
  27  2:48  Drone x5  
  32  2:53  Queen  
  32  2:54  Drone  
  35  2:59  Overlord  
  35  3:19  Zergling x12  
  41  3:26  Overlord  
  41  3:27  Queen  
  41  3:32  Overlord  
  43  3:35  Queen  
  43  3:39  Overlord  
  45  3:44  Queen  
  45  3:47  Drone  
  45  3:48  Drone x3  
  51  3:49  Drone  
  52  4:02  Zergling x12  
  58  4:09  Drone x3  
  60  4:15  Drone  
  60  4:16  Drone  
  62  4:18  Drone x4  
  62  4:20  Drone  
  66  4:24  Overlord  
  66  4:30  Overlord  
  61  4:33  Drone  
  62  4:44  Zergling x22  
  67  4:48  Spore Crawler  
  67  4:51  Spore Crawler  
  65  4:53  Spore Crawler  
  65  4:58  Drone x3, Spore Crawler  
  65  4:59  Drone  
  67  5:05  Lair  
  67  5:06  Drone x2  
  69  5:07  Drone  
  69  5:10  Drone  
  69  5:11  Drone x2  
  73  5:15  Drone x2  
  73  5:17  Drone x2  
  73  5:19  Drone  
  73  5:20  Drone x2  
  80  5:22  Drone  
  80  5:24  Extractor  
  80  5:25  Overlord  
  80  5:26  Drone  
  81  5:29  Drone  
  81  5:31  Extractor  
  81  5:33  Extractor  
  81  5:35  Drone, Baneling Nest  
  80  5:36  Drone x2  
  80  5:38  Drone  
  80  5:39  Overlord  
  80  5:40  Drone  
  81  5:50  Overlord  
  81  5:54  Drone x8  
  85  6:02  Overlord  
  82  6:04  Drone  
  82  6:05  Overseer  
  82  6:06  Extractor x2  
  82  6:07  Drone  
  82  6:08  Drone x3, Evolution Chamber  
  76  6:11  Evolution Chamber  
  76  6:13  Drone  
  76  6:14  Drone  
  76  6:15  Drone  
  76  6:23  Drone x4  
  80  6:26  Drone  
  80  6:27  Spire  
  80  6:29  Drone  
  80  6:30  Drone  
  82  6:39  Drone x7  
  89  6:41  Baneling  
  89  6:42  Drone  
  89  6:46  Drone  
  91  6:47  Drone  
  91  6:49  Zerg Melee Weapons Level 1  
  92  6:55  Hatchery  
  92  6:57  Zerg Ground Armor Level 1  
  91  7:01  Centrifical Hooks  
  91  7:08  Zergling x12  
  97  7:20  Zergling x12  
  102  7:26  Zergling x8  
  102  7:27  Hatchery  
  102  7:29  Overlord  
  105  7:31  Baneling x8  
  105  7:35  Zergling x8  
  109  7:42  Overlord  
  109  7:53  Mutalisk x6  
  109  7:56  Zerg Flyer Weapons Level 1, Overlord  
  121  8:04  Zergling x18  
  129  8:11  Overlord  
  129  8:15  Zergling x10  
  129  8:18  Baneling  
  129  8:19  Baneling x4  
  134  8:27  Overlord  
  132  8:34  Mutalisk x5  
  132  8:38  Overlord  
  128  8:49  Drone x8  
  128  8:54  Zerg Melee Weapons Level 2  
  136  9:00  Zergling x10  
  128  9:13  Mutalisk  
  128  9:14  Mutalisk x4  
  128  9:16  Zergling x6  
  135  9:23  Zergling x6  
  135  9:24  Zergling x2  
  135  9:28  Zergling x10  
  140  9:35  Baneling x11  
  140  9:39  Infestation Pit  
  140  9:40  Zergling x2  
  140  9:41  Zergling x16  
  140  9:42  Zergling x2  
  140  9:45  Extractor  
  148  9:46  Hatchery  
  148  9:47  Extractor  
  148  9:48  Drone x4  
  148  9:49  Drone x2  
  148  9:50  Drone  
  149  9:54  Zerg Ground Armor Level 2  
  149  9:56  Overseer  
  149  10:01  Baneling x5  
  149  10:03  Zergling x12  
  149  10:05  Overlord  
  143  10:16  Mutalisk x2  
  143  10:19  Overlord  
  147  10:22  Hive  
  147  10:23  Zergling x22  
  158  10:33  Zergling x2  
  158  10:34  Zergling x20  
  169  10:36  Overlord  
  169  10:42  Pneumatized Carapace  
  169  10:43  Overseer  
  169  10:47  Zergling x22  
  166  11:06  Zergling x26  
  166  11:09  Overlord  
  178  11:13  Baneling  
  178  11:14  Baneling x10  
  178  11:17  Overseer  
  178  11:19  Drone x3  
  178  11:20  Zergling x2  
  178  11:21  Zergling x14, Hatchery  
  188  11:34  Adrenal Glands  
  188  11:35  Ultralisk Cavern, Zerg Melee Weapons Level 3  
  187  11:42  Zergling x24  
  199  11:48  Burrow  
  199  11:50  Overlord  
  199  12:02  Baneling x3  
  199  12:03  Baneling x13  
  199  12:05  Zerg Flyer Armor Level 1  
  199  12:14  Zerg Ground Armor Level 3  
  199  12:25  Mutalisk  
  199  12:26  Mutalisk x3  
  199  12:30  Chitinous Plating  
  199  12:36  Overseer  
  187  12:56  Ultralisk  
  187  12:57  Ultralisk x2  
  185  13:03  Zergling x44, Ultralisk  
  192  13:06  Drone x2  
  194  13:14  Ultralisk  
  200  13:29  Baneling x6  
  199  13:48  Overlord x2  
  175  13:49  Anabolic Synthesis, Corruptor x5  
  175  13:54  Zergling x38  
  179  14:02  Zergling x4  
  168  14:09  Zergling x6, Ultralisk x2  
  182  14:15  Corruptor x2  
  185  14:21  Zergling x16  
  193  14:31  Zergling x2  
  193  14:32  Zergling x12  
  193  14:34  Overseer  
  193  14:35  Overseer  
  200  14:43  Hatchery  
Tags
 
Add a new tag
Caveats
  • Supply blocks, unpowered buildings, or Contaminate may cause inaccurate times.
  • Supply counts are checked every 10 seconds.